AoeStats
← noob

MegaRandom

503443867Analyzed
1v1 RM · 1mo ago on Aug 31, 2026· 14m 45s· 2 players
Game mode
Random Map
Map size
Tiny (2 player)
Population
200
Speed
Normal
Resources
Standard
Victory
Conquest
Starting age
Dark Age
Ending age
Imperial Age
RankedLock teamsTeams togetherTeam positionsShared explorationLock speedFull tech treeHidden civsTurbo modeCheats
Victory
Defeat
🇨🇴 Dravidians · Colombia
1384
+16
🇩🇪 Sicilians · Germany
1388
-16
!PelayPilito
10:37 Feudal Age
11:03 Double-Bit Axe
10:42 Man-at-Arms
11:33 Horse Collar
12:41 Loom
noob
7:26 Loom
10:55 Feudal Age
11:21 Double-Bit Axe
11:22 Horse Collar
11:38 Gold Mining
13:24 Horse Collar
Connection lost

Rejoining the realm…

Still unreachable

The connection could not be restored.

Session expired

The server has moved on; the page needs a fresh start.